cohdb
Replays
Latest Replays
All Replays
Popular Replays
Top Player Replays
Match Explorer
How It Works
Community
CoH3 Stats
Reddit
Sign in to upload your games and track your stats! →
Sign in with Steam
Match 44618118
Unlisted
Match 44618118
Overview
Messages
Build Orders
End
Scout Squad
Engineer Squad
Construct Weapon Support Center
M1919 Machine Gun Team
M1919 Machine Gun Team
M1919 Machine Gun Team
Infantry Support Center
Selects Heavy Weapons
Selects Assault Carriers
M3 Assault Carrier
M1919 Machine Gun Team
Selects Exchangeable Parts
Bazooka Squad
Construct Medical Station
Construct Tank Depot
Bazooka Squad
fenerx
咚咚锵个腿
0
0
Comments
sign in to comment!
No comments posted yet!